Map: [ESL] Data-C

Players

HeroMarine

  • Race: Terran Terran
  • Spawn Location: 9:00

Solar - Winner!

  • Race: Zerg Zerg
  • Spawn Location: 3:00

Event: TSL 9

VOD

Have the link to the VOD?

Description

Time

  • Played on: Aug. 15, 2022, 7:10 a.m.
  • Length: 20:36

All games in this series

Show
View Real Time Build Order
Export as new Build Order

HeroMarine Terran 

Build Orders: Command Center First (CC) 

Get SALT Encoding   

  12  0:00  SCV  
  13  0:12  SCV  
  14  0:17  Supply Depot  
  14  0:24  SCV  
  15  0:39  SCV  
  16  0:51  SCV  
  17  0:59  Command Center  
  17  1:03  SCV  
  18  1:13  Barracks  
  18  1:16  SCV  
  19  1:22  Refinery  
  19  1:28  SCV  
  19  1:30  Refinery  
  20  1:40  SCV  
  21  1:52  SCV  
  22  2:00  Reaper  
  23  2:04  Orbital Command  
  23  2:11  Orbital Command  
  23  2:18  Factory  
  24  2:30  SCV  
  24  2:32  Barracks Reactor  
  24  2:37  SCV  
  25  2:42  SCV  
  26  2:49  SCV  
  27  2:53  Supply Depot  
  27  2:54  SCV  
  28  3:01  SCV  
  29  3:06  SCV, Starport  
  32  3:13  Hellion x2  
  32  3:14  Marine  
  32  3:15  SCV  
  32  3:16  Supply Depot  
  32  3:18  SCV  
  37  3:27  SCV  
  37  3:30  SCV  
  41  3:34  Hellion x2  
  41  3:39  SCV  
  44  3:42  SCV  
  44  3:43  Viking  
  44  3:46  Fusion Core  
  47  3:52  SCV  
  47  3:54  SCV  
  47  3:55  Command Center  
  49  3:58  Barracks Tech Lab  
  49  4:04  Supply Depot, SCV  
  49  4:06  SCV  
  51  4:16  SCV  
  52  4:18  SCV  
  53  4:26  Refinery  
  53  4:27  Supply Depot, Barracks Tech Lab  
  53  4:28  SCV  
  53  4:31  SCV  
  55  4:34  Barracks  
  55  4:36  Battlecruiser  
  55  4:38  Barracks  
  61  4:41  SCV  
  62  4:48  SCV, Marine  
  62  4:50  Supply Depot  
  62  4:51  Refinery, Stimpack  
  64  4:54  SCV  
  65  5:00  SCV  
  65  5:02  Engineering Bay  
  65  5:03  Engineering Bay  
  65  5:06  SCV, Marine  
  68  5:08  Orbital Command  
  68  5:10  Factory Reactor  
  68  5:12  SCV  
  69  5:18  SCV  
  70  5:24  Marine  
  70  5:25  SCV  
  70  5:26  Marine x2  
  70  5:27  Barracks Reactor  
  74  5:29  Orbital Command  
  74  5:30  SCV  
  74  5:31  Terran Infantry Weapons Level 1  
  74  5:33  Barracks  
  74  5:34  Barracks  
  74  5:35  Terran Infantry Armor Level 1  
  75  5:37  SCV  
  75  5:41  Marine  
  75  5:42  SCV  
  78  5:44  Marine x2  
  78  5:49  SCV  
  81  5:54  SCV  
  82  5:57  SCV  
  82  5:59  Marine  
  82  6:01  SCV  
  82  6:02  Marine x2  
  82  6:04  Supply Depot, Marine  
  85  6:05  Supply Depot  
  85  6:06  SCV, Marine  
  85  6:09  SCV  
  89  6:13  SCV  
  89  6:15  Medivac  
  89  6:17  Marine  
  93  6:24  Supply Depot  
  93  6:25  SCV x2, Medivac, Siege Tank, Marine  
  101  6:26  SCV  
  101  6:27  Marine x2  
  101  6:30  Barracks Reactor x2, Combat Shield  
  104  6:32  Refinery  
  104  6:33  Marine  
  104  6:34  Refinery  
  104  6:35  Marine  
  104  6:37  SCV x2  
  104  6:38  SCV  
  109  6:41  Supply Depot  
  109  6:43  Supply Depot, Marine  
  109  6:45  Medivac, Marine  
  113  6:47  Armory  
  113  6:49  SCV x2  
  113  6:50  SCV, Marine  
  113  6:51  Marine  
  113  6:54  Marine  
  119  6:55  Medivac  
  119  7:01  Marine  
  122  7:02  SCV  
  122  7:03  Marine  
  122  7:04  Supply Depot  
  122  7:07  Supply Depot  
  127  7:08  Siege Tank, Marine x3  
  127  7:09  Marine  
  127  7:11  Marine  
  127  7:13  Marine  
  133  7:16  Marine  
  133  7:18  Marine  
  133  7:19  SCV x3  
  133  7:20  Marine  
  139  7:26  Marine x2  
  131  7:32  Medivac x2  
  131  7:33  Marine x4  
  131  7:34  Marine  
  131  7:36  Terran Infantry Weapons Level 2, Marine  
  141  7:38  Marine  
  141  7:39  Terran Infantry Armor Level 2  
  142  7:44  Marine x2  
  142  7:45  Terran Vehicle Weapons Level 1  
  142  7:50  Marine  
  142  7:51  Marine x3  
  146  7:52  Marine  
  146  7:54  Marine  
  150  8:01  Command Center  
  150  8:03  Marine  
  150  8:05  Factory  
  151  8:10  Marine x3  
  151  8:11  Marine  
  155  8:22  Marine x2  
  155  8:26  Supply Depot  
  157  8:27  Supply Depot  
  157  8:31  Marine  
  157  8:32  Marine  
  157  8:35  Barracks  
  157  8:36  Barracks  
  157  8:37  Supply Depot, Barracks  
  157  8:47  Sensor Tower, Marine x3  
  157  8:48  SCV x3, Siege Tank, Marine  
  165  8:49  Medivac x2, Marine x2  
  165  8:52  Marine x2  
  165  8:53  Marine  
  171  9:00  SCV  
  171  9:01  Factory Tech Lab  
  171  9:05  Marine x3  
  171  9:06  Supply Depot, Marine  
  171  9:07  Marine x2  
  171  9:09  Marine  
  177  9:10  Marine  
  177  9:11  Marine  
  177  9:15  SCV x2  
  177  9:16  SCV  
  183  9:19  Medivac x2  
  183  9:20  Siege Tank  
  183  9:23  Siege Tank, Marine x3  
  183  9:24  Marine  
  197  9:33  Marauder  
  197  9:36  Planetary Fortress  
  193  9:39  Barracks Tech Lab x3  
  193  9:42  Marine x2  
  193  9:43  Ghost Academy, Marine  
  193  9:44  Marine x4  
  200  9:52  Terran Vehicle Weapons Level 2  
  189  10:05  Marauder x4  
  189  10:07  Marine x2  
  189  10:08  Marine  
  189  10:11  Siege Tank  
  189  10:13  Siege Tank  
  195  10:15  Command Center  
  195  10:17  Concussive Shells  
  195  10:18  Marine x2  
  188  10:26  Marauder  
  188  10:27  Terran Infantry Weapons Level 3, Terran Infantry Armor Level 3  
  187  10:29  Marine x2  
  187  10:32  Marauder, Marine  
  177  10:36  Marauder x2  
  177  10:39  Marine x3  
  177  10:40  Marine  
  161  10:45  Siege Tank  
  161  10:48  Marauder  
  165  10:54  Marauder  
  167  10:59  Marauder, Marine x3  
  167  11:00  Marauder  
  167  11:02  Refinery, Siege Tank  
  167  11:03  Refinery, Marine  
  178  11:09  Marauder, Marine  
  178  11:10  Marine  
  182  11:17  Siege Tank  
  185  11:19  Marauder  
  185  11:21  Marine x2  
  179  11:25  Marauder  
  179  11:26  Ghost  
  179  11:29  Marine  
  179  11:30  Marine x2, Ghost  
  179  11:31  Marine  
  185  11:34  SCV x4, Siege Tank  
  192  11:40  Marine, Ghost  
  192  11:41  Marine  
  192  11:46  SCV, Ghost  
  165  11:54  Marine  
  165  11:55  Marine, Ghost  
  165  11:56  Medivac  
  165  11:57  SCV x2  
  165  11:58  SCV x2, Ghost  
  169  12:01  Medivac  
  166  12:08  Ghost  
  166  12:10  Marine x2  
  166  12:14  Marine x2  
  167  12:15  Marauder, Planetary Fortress  
  167  12:17  Refinery  
  167  12:18  Refinery, Marine x2  
  169  12:24  Marauder, Marine  
  169  12:26  Medivac, Marine  
  169  12:27  Marine  
  169  12:28  Marauder  
  178  12:31  Medivac, Marine  
  178  12:35  Marine  
  180  12:37  Marine  
  180  12:40  Marauder, Marine  
  180  12:41  Marine  
  187  12:44  Marauder, Siege Tank x2  
  187  12:46  Marauder  
  187  12:48  Command Center  
  193  12:54  Marine  
  193  12:56  Medivac  
  196  13:01  Medivac, Marine x2  
  200  13:11  Marine  
  200  13:12  Missile Turret  
  197  13:16  Siege Tank  
  200  13:21  Command Center, Terran Vehicle Weapons Level 3  
  200  13:26  Command Center, Factory  
  193  13:50  Marauder x2  
  193  13:52  Medivac x2  
  193  13:54  Siege Tank  
  167  13:57  Marine x2  
  167  13:58  Marauder x2, Marine x3, Siege Tank  
  167  13:59  Marine  
  167  14:00  Marine x2  
  175  14:12  Factory Tech Lab, Marauder x2, Orbital Command  
  175  14:15  Marine x3  
  175  14:16  Marine  
  183  14:19  Personal Cloaking  
  183  14:23  Sensor Tower  
  187  14:26  Siege Tank  
  187  14:28  Ghost x2  
  187  14:30  Siege Tank  
  193  14:32  Ghost x2  
  193  14:36  Orbital Command  
  192  14:38  Command Center  
  192  14:43  Orbital Command  
  192  14:52  Missile Turret  
  192  14:53  Orbital Command  
  192  14:57  Ghost x2  
  192  14:59  Siege Tank  
  199  15:00  Missile Turret  
  199  15:06  Neosteel Armor  
  199  15:07  Hi-Sec Auto Tracking  
  199  15:18  Ghost x2  
  199  15:20  Factory  
  199  15:21  Factory  
  200  15:23  Command Center  
  199  15:39  Command Center  
  199  15:45  Enhanced Shockwaves  
  199  15:53  Orbital Command  
  199  16:00  Command Center, Ghost x2  
  200  16:18  Ghost x2  
  189  16:21  Marine  
  189  16:22  Marine x4  
  189  16:23  Viking  
  196  16:27  Viking  
  196  16:29  Ghost  
  196  16:30  Marine x2  
  194  16:36  Marauder  
  164  16:43  Marine  
  164  16:44  Marine  
  150  16:47  Siege Tank x2, Marauder, Ghost  
  150  16:51  Marine  
  150  16:52  Marine  
  150  16:53  Liberator, Marine  
  149  16:54  Marine x2  
  149  16:56  Ghost  
  149  16:57  Liberator  
  149  16:58  Marauder  
  150  17:01  Marine x2  
  145  17:09  Marauder, Marine  
  145  17:14  Orbital Command  
  142  17:16  Marauder  
  142  17:19  Factory Tech Lab x2, Siege Tank, Marauder  
  149  17:25  Orbital Command  
  149  17:26  Marauder  
  145  17:30  Marauder  
  145  17:31  Siege Tank, Orbital Command  
  145  17:36  Liberator  
  153  17:39  Liberator  
  153  17:40  Planetary Fortress  
  153  17:41  SCV  
  153  17:42  SCV x2  
  160  17:50  Siege Tank x2  
  165  17:51  Factory Reactor  
  165  17:52  Infernal Pre-Igniter  
  165  17:55  Siege Tank  
  165  17:57  SCV x3  
  171  17:58  SCV, Armory  
  171  17:59  Refinery  
  171  18:00  Refinery  
  171  18:03  SCV x2  
  171  18:05  Ghost  
  174  18:08  Siege Tank  
  174  18:11  Marauder, Marine x2  
  183  18:13  SCV x3  
  183  18:18  Sensor Tower  
  183  18:19  Missile Turret  
  186  18:26  Marine x3  
  189  18:30  Siege Tank  
  189  18:31  Hellion x4  
  200  18:55  Hellion x2  
  166  19:04  Hellion x2  
  166  19:06  Marauder  
  166  19:08  Marauder  
  142  19:10  Siege Tank x2  
  142  19:12  Medivac x2  
  142  19:15  Marine x2  
  142  19:16  Hellion x2  
  158  19:20  Orbital Command  
  158  19:25  Hellion  
  144  19:35  Ghost  
  144  19:36  Siege Tank  
  147  19:42  Siege Tank  
  150  19:47  Siege Tank  
  150  19:49  Siege Tank  
  156  20:05  SCV x4  
  160  20:07  Hellion x2, SCV x2  
  166  20:17  Missile Turret  
  171  20:21  Missile Turret  
Show
View Real Time Build Order
Export as new Build Order

Solar Zerg - Winner!

Build Orders: Hatch First, Lurkers 

Get SALT Encoding   

  12  0:00  Drone  
  13  0:12  Overlord  
  13  0:17  Drone  
  14  0:31  Drone x2  
  16  0:49  Hatchery  
  15  0:52  Drone  
  15  0:55  Drone  
  17  0:58  Drone  
  18  1:09  Extractor  
  17  1:14  Spawning Pool  
  17  1:17  Drone  
  17  1:20  Drone  
  18  1:28  Drone  
  19  1:38  Drone  
  20  1:52  Drone  
  21  2:00  Queen x2  
  27  2:01  Zergling x4  
  27  2:11  Overlord  
  27  2:13  Drone  
  28  2:23  Hatchery  
  28  2:25  Drone  
  28  2:31  Drone  
  29  2:37  Queen  
  29  2:40  Drone  
  29  2:44  Metabolic Boost  
  32  2:47  Overlord  
  32  2:52  Drone  
  32  2:53  Drone  
  32  2:56  Drone  
  35  2:58  Drone  
  35  3:07  Drone x2  
  35  3:09  Drone x3  
  40  3:16  Queen  
  42  3:20  Overlord  
  42  3:22  Drone  
  43  3:34  Queen  
  43  3:35  Drone x2  
  43  3:36  Drone  
  43  3:40  Drone, Overlord  
  43  3:41  Drone  
  50  3:44  Queen  
  52  3:48  Drone  
  52  3:49  Drone x2  
  52  3:52  Drone x2  
  52  3:55  Overlord  
  57  3:58  Overlord  
  57  4:02  Drone  
  58  4:03  Zergling x4  
  60  4:11  Zergling x2  
  60  4:12  Drone  
  60  4:13  Queen  
  60  4:15  Drone x3  
  67  4:17  Overlord  
  67  4:19  Drone x2  
  67  4:24  Queen  
  69  4:27  Drone, Extractor  
  69  4:28  Drone x2  
  73  4:32  Spore Crawler  
  73  4:35  Evolution Chamber  
  73  4:38  Drone x3, Evolution Chamber  
  71  4:39  Spore Crawler  
  71  4:42  Zergling x6  
  71  4:44  Drone x2  
  77  4:46  Overlord  
  77  4:49  Drone  
  77  4:51  Drone  
  77  4:52  Queen  
  81  4:56  Overlord  
  81  4:59  Overlord  
  81  5:01  Extractor  
  81  5:04  Zerg Ground Armor Level 1, Zerg Melee Weapons Level 1  
  81  5:05  Drone  
  81  5:08  Drone x2  
  81  5:09  Drone  
  81  5:10  Drone  
  81  5:13  Drone x3  
  89  5:14  Drone  
  89  5:15  Zergling x2  
  89  5:20  Lair  
  90  5:22  Drone x3  
  90  5:25  Extractor  
  90  5:26  Drone, Extractor  
  92  5:28  Baneling Nest  
  92  5:29  Drone  
  92  5:33  Spore Crawler  
  92  5:34  Drone  
  92  5:35  Zergling x2  
  92  5:36  Zergling x2  
  92  5:37  Drone x2  
  96  5:46  Zergling x2  
  96  5:47  Zergling x6, Hatchery  
  99  5:52  Zergling x6  
  97  6:00  Drone x3  
  99  6:06  Overlord  
  99  6:07  Drone  
  99  6:11  Drone  
  100  6:12  Zergling x8  
  100  6:13  Zergling x2  
  100  6:16  Overlord  
  100  6:18  Centrifugal Hooks  
  105  6:21  Hydralisk Den, Overlord  
  104  6:25  Drone  
  104  6:26  Drone x4  
  108  6:34  Baneling x4  
  108  6:35  Baneling x3  
  108  6:36  Baneling x2, Drone x3  
  108  6:37  Drone x2  
  113  6:40  Zergling x6  
  113  6:46  Drone  
  117  6:48  Drone  
  117  6:50  Zergling x2  
  117  6:53  Zergling x6, Muscular Augments  
  122  6:55  Hatchery  
  122  6:57  Overlord  
  122  6:59  Drone  
  122  7:00  Zergling x4  
  122  7:01  Baneling x4  
  124  7:11  Drone  
  124  7:12  Zergling x10  
  124  7:13  Zergling x2  
  124  7:14  Zergling x4  
  129  7:15  Baneling x2  
  129  7:20  Zergling x2  
  129  7:21  Zergling x4  
  131  7:25  Drone x3  
  131  7:27  Zergling x4  
  128  7:36  Drone x3  
  131  7:37  Zerg Melee Weapons Level 2, Zerg Ground Armor Level 2  
  131  7:41  Drone  
  131  7:43  Baneling  
  131  7:44  Baneling x2  
  131  7:48  Zergling x8, Overseer  
  135  7:53  Pneumatized Carapace  
  135  7:54  Drone x3  
  135  7:55  Hydralisk  
  135  7:56  Hydralisk x2, Extractor  
  135  7:57  Overlord x2  
  135  7:58  Overlord  
  143  7:59  Hatchery  
  143  8:03  Drone  
  143  8:07  Infestation Pit  
  143  8:08  Grooved Spines  
  143  8:10  Baneling x3  
  143  8:11  Zergling x12  
  148  8:18  Hydralisk x2  
  152  8:22  Zergling x4  
  153  8:27  Zergling x8  
  153  8:28  Zergling x6  
  153  8:29  Zergling x6  
  153  8:32  Baneling x6  
  153  8:33  Zergling x2  
  162  8:39  Zergling x2  
  162  8:40  Zergling x8  
  165  8:44  Hydralisk, Hive  
  165  8:45  Hydralisk  
  165  8:51  Hydralisk  
  165  8:53  Overlord x2  
  165  8:55  Overlord  
  162  8:56  Zergling x8  
  162  9:00  Drone  
  162  9:01  Overlord  
  165  9:03  Overlord  
  165  9:05  Baneling x12  
  165  9:18  Zergling x16  
  165  9:20  Zergling x8  
  165  9:22  Hydralisk  
  165  9:23  Zergling x2  
  177  9:24  Zergling x2  
  177  9:29  Zergling x8  
  177  9:31  Zergling x4  
  180  9:40  Drone x2  
  180  9:44  Zergling x10  
  180  9:59  Viper x2  
  159  10:02  Zergling x22  
  159  10:07  Zergling x8, Hatchery  
  173  10:10  Overlord  
  173  10:11  Baneling  
  173  10:12  Baneling x13  
  169  10:15  Zergling x2  
  169  10:16  Zergling x10  
  169  10:18  Zergling x4  
  169  10:21  Zergling x6  
  175  10:30  Zergling x12  
  175  10:31  Zergling x2  
  175  10:32  Zergling x2, Zerg Missile Weapons Level 1  
  167  10:40  Zergling x2  
  167  10:41  Zergling x4  
  157  10:45  Zergling x4  
  157  10:47  Baneling x12  
  157  10:48  Hydralisk x2  
  158  10:50  Zergling x2  
  158  10:51  Baneling x2  
  158  10:54  Drone x8  
  158  10:56  Baneling  
  158  10:57  Baneling x2  
  164  10:58  Zergling x6  
  164  11:00  Zergling x2  
  164  11:01  Zergling x2  
  164  11:03  Zergling x4  
  169  11:14  Zergling x12  
  169  11:16  Lurker Den  
  174  11:18  Zergling x2  
  174  11:19  Zergling x4  
  174  11:20  Baneling x11  
  170  11:28  Zergling x10  
  170  11:30  Adrenal Glands  
  173  11:33  Zergling x2  
  173  11:34  Zergling x6  
  173  11:39  Zergling x6  
  180  11:41  Zerg Ground Armor Level 3  
  180  11:44  Zergling x4  
  172  11:50  Zergling x8  
  158  11:56  Zergling x6  
  158  12:00  Zergling x6  
  147  12:01  Baneling x5  
  147  12:02  Baneling x4  
  147  12:04  Zergling x8  
  147  12:06  Zergling x4  
  147  12:12  Zergling x10  
  147  12:14  Baneling x8  
  147  12:15  Zergling x4  
  151  12:20  Baneling  
  151  12:21  Zergling x4, Baneling  
  151  12:22  Zergling x4  
  155  12:24  Extractor  
  155  12:25  Zergling x4  
  155  12:28  Hatchery  
  155  12:29  Zergling x8  
  159  12:32  Viper  
  159  12:35  Zergling x4  
  159  12:37  Drone  
  159  12:41  Zergling x10  
  158  12:45  Baneling x7  
  158  12:46  Zergling x6  
  158  12:50  Zergling x2  
  158  12:51  Zergling x4  
  155  12:55  Zergling x2  
  155  12:56  Zergling x2  
  153  12:59  Zergling x2  
  153  13:00  Zergling x8  
  153  13:04  Zergling x10  
  158  13:06  Hydralisk x2  
  158  13:09  Zerg Melee Weapons Level 3  
  157  13:15  Hatchery  
  157  13:16  Seismic Spines  
  157  13:18  Zergling x12  
  161  13:21  Zergling x4  
  161  13:23  Zergling x4  
  165  13:29  Baneling  
  165  13:31  Zergling x10  
  165  13:33  Zergling x4  
  172  13:37  Zergling x4  
  172  13:39  Zergling x4  
  175  13:44  Zergling x6  
  169  13:53  Zergling x10  
  150  13:56  Zergling x2  
  151  14:13  Lurker x2, Overlord  
  151  14:14  Lurker x5  
  158  14:18  Zergling x24  
  158  14:21  Hydralisk  
  158  14:22  Zergling x2, Hydralisk  
  158  14:24  Zerg Missile Weapons Level 2  
  175  14:26  Drone x2  
  175  14:28  Zergling x2  
  175  14:30  Baneling x4, Overseer  
  178  14:34  Zergling x8  
  178  14:36  Zergling x2  
  179  14:38  Zergling x4  
  179  14:41  Zergling x6  
  183  14:54  Baneling x14  
  183  14:57  Overlord  
  183  14:58  Overseer  
  183  14:59  Hatchery  
  182  15:05  Zergling x16  
  189  15:08  Drone x3  
  189  15:09  Drone  
  192  15:14  Overseer  
  192  15:16  Adaptive Talons  
  192  15:21  Zergling x2, Hydralisk  
  192  15:22  Zergling x6, Nydus Network  
  192  15:24  Drone  
  192  15:26  Viper  
  200  15:37  Burrow  
  200  15:45  Drone  
  200  15:47  Spore Crawler, Drone  
  196  15:57  Zergling x8  
  198  16:07  Zergling x4  
  200  16:15  Nydus Canal  
  195  16:18  Hydralisk x2  
  195  16:22  Hatchery  
  197  16:28  Zergling x8  
  197  16:32  Hydralisk x2  
  193  16:34  Zergling x12  
  193  16:36  Zergling x18  
  193  16:37  Zergling x8  
  193  16:38  Nydus Canal, Overlord  
  189  16:43  Zergling x16  
  186  16:48  Zergling x2  
  164  16:55  Hydralisk  
  164  16:56  Zergling x2, Baneling x5, Hydralisk x2  
  164  16:57  Zergling x6  
  162  17:08  Zergling x16  
  166  17:09  Hatchery  
  166  17:12  Overlord  
  166  17:13  Zergling x6  
  159  17:18  Zergling x10  
  159  17:19  Zergling x4  
  155  17:24  Zergling x2  
  155  17:25  Zergling x4  
  147  17:31  Drone  
  147  17:32  Drone  
  147  17:36  Lurker x7  
  147  17:37  Lurker x2  
  158  17:40  Zergling x22, Hatchery  
  168  17:44  Zergling x2  
  168  17:46  Baneling  
  168  17:47  Baneling x11  
  168  17:49  Overseer  
  169  17:52  Hydralisk  
  169  17:55  Zergling x2  
  169  17:56  Zergling x4  
  169  17:57  Zergling x2  
  175  17:58  Zergling x2  
  175  17:59  Zergling x2  
  175  18:02  Spore Crawler  
  175  18:04  Zergling x6  
  179  18:11  Hydralisk x3  
  185  18:14  Baneling x3  
  185  18:16  Zergling x8  
  189  18:21  Zergling x2  
  189  18:22  Zergling x8  
  189  18:24  Hydralisk  
  189  18:25  Hydralisk  
  198  18:28  Hydralisk  
  200  18:46  Overseer  
  200  18:47  Overseer  
  198  18:48  Zergling x4  
  198  18:49  Hatchery  
  198  18:51  Zergling x2  
  198  18:52  Zergling x8  
  199  18:56  Spore Crawler  
  199  18:58  Nydus Canal  
  199  18:59  Zergling x12  
  185  19:03  Zergling x16  
  185  19:05  Zergling x4  
  169  19:10  Zergling x10  
  169  19:14  Zergling x4  
  169  19:16  Zergling x4  
  178  19:23  Zergling x10  
  183  19:27  Drone x2  
  183  19:28  Drone  
  183  19:30  Baneling x5  
  183  19:31  Drone  
  178  19:34  Overlord  
  178  19:36  Drone x2  
  169  19:39  Drone  
  169  19:40  Hydralisk x2  
  169  19:44  Drone  
  175  19:47  Zergling x12  
  175  19:52  Zergling x8  
  185  19:55  Baneling x8  
  185  19:56  Baneling  
  185  19:58  Zergling x6  
  188  20:00  Zergling x2  
  188  20:01  Zergling x2  
  188  20:03  Zergling x4  
  188  20:04  Zergling x2  
  188  20:05  Zergling x2  
  194  20:08  Zergling x8  
  194  20:13  Baneling x11  
  191  20:14  Zergling x2  
  191  20:18  Zergling x10  
Tags
 
Add a new tag
Caveats
  • Supply blocks, unpowered buildings, or Contaminate may cause inaccurate times.
  • Supply counts are checked every 10 seconds.